 Dungeon Crawl Stone Soup version 0.25.1-8-g42b30a86e7 (webtiles) character file.

Game seed: 1016483995850783149

101 Abzac the Chopper (level 4, 0/39 HPs)
             Began as a Hill Orc Fighter on Dec 21, 2020.
             Slain by Grinder (7 damage)
             ... while paralysed by Grinder
             ... on level 3 of the Dungeon.
             The game lasted 00:02:32 (2232 turns).

Abzac the Chopper (Hill Orc Fighter)                Turns: 2232, Time: 00:02:32

Health: 0/39       AC:  6    Str: 19    XL:     4   Next: 75%
Magic:  4/4        EV:  2    Int:  8    God:
Gold:   75         SH:  0    Dex: 10    Spells: 3/3 levels left

rFire    . . .     SeeInvis .   a - +0 war axe
rCold    . . .     Gourm    .   c - +0 kite shield
rNeg     . . .     Faith    .   b - +0 scale mail
rPois    .         Spirit   .   (no helmet)
rElec    .         Reflect  .   (no cloak)
rCorr    .         Harm     .   (no gloves)
MR       .....                  (no boots)
Stlth    ..........             (no amulet)
HPRegen  0.13/turn              (no ring)
MPRegen  0.09/turn              (no ring)

@: paralysed
A: no striking features
a: no special abilities


You were on level 3 of the Dungeon.
You were hungry.

You visited 1 branch of the dungeon, and saw 3 of its levels.

You collected 75 gold pieces.

Inventory:

Hand Weapons
 a - a +0 war axe (weapon)
Armour
 b - a +0 scale mail (worn)
 c - a +0 kite shield (worn)
 g - a +0 plate armour
Jewellery
 k - a cursed -4 ring of intelligence {unknown}
 s - a cursed +4 ring of protection {unknown}
Wands
 m - a wand of iceblast (7)
 r - a wand of random effects (9)
Scrolls
 e - 7 scrolls of identify {unknown}
 i - 3 scrolls of teleportation {unknown}
 j - 4 scrolls of remove curse {unknown}
 l - 3 scrolls of blinking {unknown}
 n - a scroll of fear {unknown}
Potions
 d - a potion of might
 h - a potion of mutation {unknown}
 o - a potion of invisibility {unknown}
 q - a potion of heal wounds {unknown}
Comestibles
 f - 5 rations
 p - 9 chunks of flesh


   Skills:
 - Level 3.6 Fighting
 + Level 6.4 Axes
 - Level 3.2 Armour
 - Level 3.2 Shields


You had 3 spell levels left.
You didn't know any spells.
Your spell library was empty.

Dungeon Overview and Level Annotations

Branches:
Dungeon (3/15)

Altars:
Cheibriados
Sif Muna

Annotations:
D:3 Grinder


Message History

Grinder is moderately wounded.
Grinder gestures at you. Pain shoots through your body!
Your shield and scale mail prevent you from hitting Grinder.
Grinder is moderately wounded.
Grinder hits you.
* * * LOW HITPOINT WARNING * * *
You writhe in agony.
* * * LOW HITPOINT WARNING * * *
Grinder gestures at you. Pain shoots through your body!
* * * LOW HITPOINT WARNING * * *
Grinder blinks!
Some of the chunks of flesh in your inventory have rotted away.
You are feeling hungry.
Grinder says, "Mostly I couldn't keep them alive."
Grinder gestures at you.
You suddenly lose the ability to move!
Grinder hits you!
You die...

#..##.##..##.#..#....#
#..##.##..##.#.8####.#
.>.##........#.⌠85...#
##.#####..####....8..#
##.#####..##########.#
.....................#
##.##############.####
...........######5###
...#.......##...@...#
..#.#(.....##.###.#.#
.#._.#.....# #.#.#
..#.#...<..# ..# #
...#...##### .##
.......# . #..##### ..
#.## ..#


You could see Grinder.

Vanquished Creatures
  Terence (D:3)
  An ooze (D:1)
  2 worms (D:2)
  4 dart slugs
  3 leopard geckos
  An orc (D:3)
  7 bats
  2 giant cockroaches
  6 goblins
  8 hobgoblins
  2 quokkas (D:2)
  4 frilled lizards
  6 kobolds
  6 rats
53 creatures vanquished.

Notes
Turn   | Place    | Note
-------+----------+-------------------------------------------
     0 | D:1      | Abzac the Hill Orc Fighter began the quest for the Orb.
     0 | D:1      | Reached XP level 1. HP: 19/19 MP: 1/1
    57 | D:1      | Reached skill level 3 in Axes
   133 | D:1      | Reached XP level 2. HP: 15/26 MP: 2/2
   182 | D:1      | Reached skill level 4 in Axes
   501 | D:1      | Reached XP level 3. HP: 30/31 MP: 3/3
   693 | D:1      | Reached skill level 5 in Axes
  1559 | D:3      | Reached XP level 4. HP: 35/39 MP: 4/4
  1838 | D:3      | Found a shimmering blue altar of Sif Muna.
  1900 | D:3      | Noticed Terence
  1909 | D:3      | Killed Terence
  1909 | D:3      | Reached skill level 6 in Axes
  1978 | D:3      | Found a snail-covered altar of Cheibriados.
  2154 | D:3      | Found a faded altar of an unknown god.
  2195 | D:3      | Noticed Grinder
  2229 | D:3      | Paralysed by Grinder for 5 turns
  2232 | D:3      | Slain by Grinder

Illustrated notes

Levels and vault maps discovered:
D:1:      giann_wishing_wells, layout_rooms, minmay_unequal
D:2:      layout_basic
D:3:      layout_loops_cross, lemuel_blue_sif_altar, kennysheep_slug_shrine,
          first_ration, chequers_ecumenical_altar_simple_redux,
          chequers_decorated_corner, minmay_cupped, uniq_terence, uniq_grinder

Skill      XL: |  1  2  3  4 |
---------------+-------------+-----
Axes           | 3 4 5 6 |  6.4
Fighting       | |  3.6
Armour         | |  3.2
Shields        | |  3.2

Action                   |  1- 3 |  4- 6 || total
-------------------------+-------+-------++-------
Melee: War axe           |   129 |    49 ||   178
  Eat: Chunk             |     2 |     2 ||     4
Armor: Scale mail        |    63 |    20 ||    83
Dodge: Dodged            |    52 |    10 ||    62
Block: Kite shield       |    70 |    17 ||    87
